 Dungeon Crawl Stone Soup version 0.26-a0-110-g95b6527cb0 (webtiles) character file.

Game seed: 7606265733190305047

91 drasked the Chopper (level 4, -1/41 HPs)
             Began as a Hill Orc Monk on June 23, 2020.
             Was a Follower of Beogh.
             Slain by a gnoll
             ... wielding a +0 flail
              (7 damage)
             ... on level 3 of the Dungeon.
             The game lasted 00:04:40 (3402 turns).

drasked the Chopper (Hill Orc Monk)                 Turns: 3402, Time: 00:04:41

Health: -1/41      AC:  2    Str: 14    XL:     4   Next: 59%
Magic:  4/4        EV: 13    Int: 10    God:    Beogh [*.....]
Gold:   121        SH:  0    Dex: 13    Spells: 3/3 levels left

rFire    . . .     SeeInvis .   a - +0 hand axe
rCold    . . .     Faith    .   (no shield)
rNeg     . . .     Spirit   .   b - +0 robe
rPois    .         Reflect  .   (no helmet)
rElec    .         Harm     .   (no cloak)
rCorr    .                      (no gloves)
MR       .....                  (no boots)
Stlth    ++........             (no amulet)
HPRegen  0.13/turn              (no ring)
MPRegen  0.09/turn              (no ring)

@: no status effects
A: no striking features
a: Renounce Religion


You were on level 3 of the Dungeon.
You worshipped Beogh.
Beogh was aware of your devotion.
You were not hungry.

You visited 1 branch of the dungeon, and saw 3 of its levels.

You collected 121 gold pieces.

Inventory:

Hand Weapons
 a - a +0 hand axe (weapon)
Missiles
 Q - 6 stones (quivered)
Armour
 b - a +0 robe (worn)
 k - a cursed +0 cloak
   (You found it on level 2 of the Dungeon)
Scrolls
 c - 3 scrolls of identify {unknown}
 f - a scroll of remove curse {unknown}
 h - a scroll of magic mapping {unknown}
 l - a scroll of fog {unknown}
Potions
 g - 2 potions of mutation {unknown}
 i - a potion of curing {unknown}
 j - 2 potions of resistance {unknown}
 m - a potion of stabbing {unknown}
 n - a potion of haste {unknown}
Comestibles
 e - 3 rations


   Skills:
 + Level 4.4 Fighting
 * Level 5.6 Axes
 + Level 2.0 Armour
 - Level 2.4 Dodging
 - Level 1.5 Stealth


You had 3 spell levels left.
You didn't know any spells.
Your spell library was empty.

Dungeon Overview and Level Annotations

Branches:
Dungeon (3/15)

Altars:


Message History

You hit the jackal but do no damage. The jackal completely misses you.
You closely miss the jackal.
A giant cockroach comes into view.
The jackal barely misses you.
The jackal bites you but does no damage.
The jackal closely misses you.
You see here a scroll labeled LAOFA EQATAOWUWIFA.
An orc wizard comes into view. It is wielding a +0 dagger.
The orc wizard shouts!
You hear a shout! x2
An orc comes into view. It is wielding a +0 club.
An orc priest comes into view. It is wielding a +0 dagger.
The jackal misses you.
You bow before the missionary of Beogh.
Beogh welcomes you!
You can now smite your foes.
With a roar of approval, the orcs welcome you as one of their own, and spare your life.
The jackal completely misses the orc wizard.
The orc hits the jackal with a +0 club.
The jackal dies!
The jackal bites you.
The orc wizard hits something but does no damage.
Something misses the orc wizard.
The jackal barely misses you.
A bat comes into view.
The jackal closely misses you.
The bat moves out of view.
Found an escape hatch in the ceiling.
The jackal misses you. The jackal bites you.
You see here a pink potion.
An adder comes into view.
The jackal barely misses you.
The adder hisses angrily.
There is an escape hatch in the ceiling here.
The jackal barely misses you. The jackal misses you.
The jackal bites you but does no damage.
There is an escape hatch in the ceiling here.
The jackal closely misses you. A mysterious force pulls you upwards.
The hatch slams shut behind you.
You closely miss the jackal.
The jackal bites you but does no damage.
The jackal bites you.
You closely miss the jackal. The jackal bites you.
Some of the chunks of flesh in your inventory have rotted away.
You barely miss the jackal. The jackal barely misses you. x2
You hit the jackal.
The jackal bites you but does no damage.
You barely miss the jackal. The jackal bites you. x2
You hit the jackal.
You kill the jackal!
There is an open door here.
As you open the door, it creaks loudly!
There is an open door here.
There is a stone staircase leading down here.
You start resting.
Eating one of 2 chunks of flesh {@w0}.
You eat one of the 2 chunks of flesh {@w0}.
All of the chunks of flesh in your inventory have rotted away.
You climb downwards.
There is a stone staircase leading up here.
An orc comes into view. It is wielding a +0 mace.
A kobold comes into view.
The kobold shouts!
You can no longer smite your foes.
Throwing (i - inventory)
Q - 10 stones (quivered)
Aim: a kobold You throw a stone.
The stone hits the kobold.
Throwing (i - inventory)
Q - 9 stones (quivered)
Aim: a kobold (moderately wounded)
You throw a stone. The stone barely misses the kobold.
Throwing (i - inventory)
Q - 8 stones (quivered)
Aim: a kobold (moderately wounded)
You throw a stone. The stone closely misses the kobold.
Throwing (i - inventory)
Q - 7 stones (quivered)
Aim: a kobold (moderately wounded)
You throw a stone. The stone barely misses the kobold.
You closely miss the kobold. The kobold closely misses you.
You closely miss the kobold. The kobold closely misses you.
You hit the kobold.
You kill the kobold!
You see here a kobold corpse.
You see here a kobold corpse.
You see here a kobold corpse.
The gnoll shouts!
You hear a shout! x2
You hit the gnoll but do no damage. The gnoll barely misses you.
You closely miss the gnoll. The gnoll hits you with a +0 flail!
You hit the gnoll. The gnoll barely misses you.
You barely miss the gnoll.
The gnoll shouts!
You hear a shout!
The gnoll hits you with a +0 flail!
You hear a shout!
You hit the gnoll. You barely miss the gnoll. The gnoll closely misses you.
You hit the gnoll but do no damage. The gnoll hits you with a +0 flail!
* * * LOW HITPOINT WARNING * * *
You hit the gnoll but do no damage. The gnoll hits you with a +0 flail!
* * * LOW HITPOINT WARNING * * *
You barely miss the gnoll. The gnoll hits you with a +0 flail.
* * * LOW HITPOINT WARNING * * *
You barely miss the gnoll. The gnoll hits you with a +0 flail!
You die...

.gg.)#####.............#.#..##
##.#<..# #.##########..#.#..#
#.###.# #.# #...#.#..# #.# .#
#.####### #...#....#### .#.# #
#.......# #...#.......#
........g..#####.#
#.....#>###.# .#.........# #.#
#....##.# #..o.#.##.# #.#
#....# .# ........ #@# #....#
# ..# #..# #g# #...## ..
.##...###g# #...###.#
....(.(.g.###.........
..........#<...####.##
..........##........
..........##.#.#####
...o......##.#.#
#.........##.#.#


You could see 3 gnolls.

Levels and vault maps discovered:
D:1:      arrival_aquarium_a, layout_loops_corners
D:2:      layout_loops_corners
D:3:      layout_basic, first_ration, chequers_ecumenical_altar_simple_redux,
          minmay_misc_feat_diagonals, uniq_crazy_yiuf_cottage

Notes
Turn   | Place    | Note
-------+----------+-------------------------------------------
     0 | D:1      | drasked the Hill Orc Monk began the quest for the Orb.
     0 | D:1      | Reached XP level 1. HP: 19/19 MP: 1/1
     1 | D:1      | Noticed an electric eel
   219 | D:1      | Identified a +0 whip
   388 | D:1      | Identified a +0 club
   404 | D:1      | Reached XP level 2. HP: 20/27 MP: 2/2
   602 | D:1      | Identified a +0 club
   861 | D:1      | Reached skill level 1 in Armour
   933 | D:1      | Identified a cursed -2 club
   989 | D:1      | Reached skill level 4 in Fighting
   989 | D:1      | Reached XP level 3. HP: 32/33 MP: 3/3
  1314 | D:2      | Identified a +0 club
  1399 | D:2      | Reached skill level 5 in Axes
  1716 | D:2      | Identified a +0 club
  1830 | D:2      | Reached XP level 4. HP: 11/40 MP: 4/4
  1830 | D:2      | HP: 10/40 [poisoned by an adder]
  1836 | D:2      | HP: 9/40 [poisoned by an adder]
  1844 | D:2      | HP: 8/40 [poisoned by an adder]
  2170 | D:2      | Identified a +0 club
  2685 | D:3      | Identified a +0 club
  2687 | D:3      | Found a faded altar of an unknown god.
  2689 | D:3      | Identified a +0 flail
  2696 | D:3      | Identified a +0 club
  2876 | D:3      | Identified a +0 short sword
  3031 | D:3      | Identified a +0 scale mail
  3036 | D:3      | Identified a +0 club
  3047 | D:3      | Identified a +0 ring mail
  3050 | D:3      | Reached skill level 2 in Armour
  3180 | D:3      | Identified a +0 giant spiked club
  3180 | D:3      | Noticed an ogre
  3192 | D:3      | Identified a +0 dagger
  3192 | D:3      | Identified a +0 robe
  3193 | D:3      | Identified a +0 club
  3193 | D:3      | Identified a +0 dagger
  3195 | D:3      | Became a worshipper of Beogh the Brigand
  3195 | D:3      | Reached * piety under Beogh
  3195 | D:3      | Reached ** piety under Beogh
  3347 | D:3      | Identified a +0 mace
  3347 | D:3      | Identified a +0 leather armour
  3400 | D:3      | HP: 9/41 [gnoll/+0 flail (11)]
  3402 | D:3      | Slain by a gnoll

Table legend:
 A = Turns spent in this place as a percentage of turns spent in the entire game.
 B = Non-inter-level travel turns spent in this place as a percentage of non-inter-level travel turns spent in the entire game.
 C = Inter-level travel turns spent in this place as a percentage of turns spent in this place.
 D = Turns resting spent in this place as a percentage of non-inter-level travel turns spent in this place.
 E = Turns spent auto-exploring this place as a percentage of non-inter-level travel turns spent in this place.
 F = Non-inter-level travel turns spent in this place divided by the number of levels of this place that you've seen.
                   A       B       C       D       E      F
               +-------+-------+-------+-------+-------+----------------------
         Total | 100.0 | 100.0 |   4.6 |  40.3 |  42.6 | 1082.3
       Dungeon | 100.0 | 100.0 |   4.6 |  40.3 |  42.6 | 1082.3
               +-------+-------+-------+-------+-------+----------------------

Table legend:
 A = Kills in this place as a percentage of kills in entire the game.
 B = Kills by you in this place as a percentage of kills by you in the entire game.
 C = Kills by friends in this place as a percentage of kills by friends in the entire game.
 D = Other kills in this place as a percentage of other kills in the entire game.
 E = Experience gained in this place as a percentage of experience gained in the entire game.
 F = Experience gained in this place divided by the number of levels of this place that you have seen.
                   A       B       C       D       E      F
               +-------+-------+-------+-------+-------+----------------------
         Total | 100.0 | 100.0 |   N/A | 100.0 | 100.0 |  43.7
       Dungeon | 100.0 | 100.0 |   N/A | 100.0 | 100.0 |  43.7
               +-------+-------+-------+-------+-------+----------------------

Skill      XL: |  1  2  3  4 |
---------------+-------------+-----
Armour         | 1 2 |  2.0
Fighting       | 4 |  4.4
Axes           | 5 |  5.6
Dodging        | |  2.4
Stealth        | |  1.5

Action                   |  1- 3 |  4- 6 || total
-------------------------+-------+-------++-------
Melee: Hand axe          |   120 |    88 ||   208
Throw: Stone             |    15 |    39 ||    54
Invok: Convert to Beogh  |       |     1 ||     1
 Stab: Sleeping          |     4 |       ||     4
  Eat: Chunk             |     3 |     5 ||     8
Armor: Robe              |    18 |    15 ||    33
Dodge: Dodged            |    77 |    65 ||   142

Vanquished Creatures
  2 adders (D:2)
  An ooze (D:1)
  A worm (D:3)
  3 leopard geckos
  2 ball pythons (D:1)
  5 bats
  3 giant cockroaches
  4 goblins
  9 hobgoblins
  7 jackals
  7 kobolds
  8 frilled lizards
  4 rats
56 creatures vanquished.

Vanquished Creatures (others)
  An orc (D:3)
  A giant cockroach (D:3)
  A jackal (D:3)
3 creatures vanquished.

Grand Total: 59 creatures vanquished
